 Dungeon Crawl Stone Soup version 0.28.0 (webtiles) character file.

Game seed: 7467967477244166673

132375 skewfiend the Executioner (level 17, -5/158 HPs)
             Began as a Hill Orc Fighter on Feb 15, 2022.
             Was the Champion of Nemelex Xobeh.
             Slain by an emperor scorpion (8 damage)
             ... on level 2 of the Spider Nest on Feb 16, 2022.
             The game lasted 01:35:52 (35421 turns).

skewfiend the Executioner (Hill Orc Fighter)       Turns: 35421, Time: 01:35:53

Health: -5/158     AC: 23    Str: 26    XL:     17   Next: 12%
Magic:  0/26       EV: 11    Int:  8    God:    Nemelex Xobeh [******]
Gold:   1865       SH:  0    Dex: 16    Spells: 16/16 levels left

rFire   . . .      SeeInvis +   b - +8 frozen axe "Frostbite" {freezing cloud, *Noise Fly rC+}
rCold   + . .      Faith    .   (shield currently unavailable)
rNeg    . . .      Spirit   +   F - +3 plate armour {rPois}
rPois   +          Reflect  .   W - +0 helmet
rElec   .          Harm     .   l - +0 cloak
rCorr   .          Rampage  .   P - -2 pair of gloves "Emuvityac" {Str+5}
Will    +....                   H - +0 pair of boots
Stlth   ..........              J - amulet of guardian spirit
HPRegen 0.36/turn               e - ring of see invisible
MPRegen 0.20/turn               X - ring of poison resistance

@: flying
A: low MP 1
a: Renounce Religion, Draw Escape, Draw Destruction, Draw Summoning, Triple
Draw, Deal Four, Stack Five


You were on level 2 of the Spider Nest.
You worshipped Nemelex Xobeh.
Nemelex Xobeh was exalted by your worship.
You visited 5 branches of the dungeon, and saw 25 of its levels.
You also visited: Sewer, Bailey and Volcano.

You collected 2778 gold pieces.
You spent 913 gold pieces at shops.

Inventory:

Hand Weapons
 a - a +2 halberd of flaming
 b - the +8 frozen axe "Frostbite" (weapon) {freezing cloud, *Noise Fly rC+}
   (You acquired it in a bailey)

   It freezes those it strikes, dealing additional cold damage.
   It can also slow down cold-blooded creatures.
   It occasionally leaves clouds of freezing vapour upon striking a foe.
   It grants immunity to clouds of freezing vapour.
   rC:        It protects you from cold.
   Fly:       It grants you flight.
   *Noise:    It may make noises in combat.
 z - a +2 hand axe of flaming
Missiles
 j - 823 stones (quivered)
 u - 4 throwing nets
 C - 2 poisoned darts
 E - 3 silver boomerangs
 G - 16 boomerangs
 I - 4 boomerangs of dispersal
 Z - 6 curare-tipped darts
Armour
 f - a +4 plate armour of fire resistance
 l - a +0 cloak (worn)
 n - a +0 troll leather armour
 D - a +2 plate armour of cold resistance
 F - a +3 plate armour of poison resistance (worn)
 H - a +0 pair of boots (worn)
 O - a +1 troll leather armour {Snorg}
 P - the -2 pair of gloves "Emuvityac" (worn) {Str+5}
   (You found it on level 6 of the Lair of Beasts)

   Str:       It affects your strength (+5).
 W - a +0 helmet (worn)
Jewellery
 c - an amulet of faith
 e - a ring of see invisible (left hand)
 h - a ring of flight
 A - a +4 ring of evasion
 J - an amulet of guardian spirit (around neck)
 N - a ring of willpower
 Q - a +6 ring of dexterity
 X - a ring of poison resistance (right hand)
Wands
 k - a wand of charming (7)
 q - a wand of iceblast (22)
 B - a wand of digging (4)
 K - a wand of flame (1)
 T - a wand of acid (11)
 V - a wand of mindburst (27)
Scrolls
 d - a scroll of fear
 g - 2 scrolls of holy word
 i - 12 scrolls of teleportation
 o - 2 scrolls of amnesia
 v - 2 scrolls of fog
 y - 2 scrolls of enchant armour
 L - a scroll of magic mapping
 M - a scroll of silence
Potions
 p - 3 potions of heal wounds
 r - a potion of invisibility
 s - 2 potions of cancellation
 t - 2 potions of brilliance
 w - 4 potions of haste
 x - a potion of mutation
 R - 3 potions of might
 S - 3 potions of curing
Miscellaneous
 m - a box of beasts


   Skills:
 + Level 16.3 Fighting
 - Level 24.0 Axes
 - Level 2.0 Throwing
 + Level 14.1 Armour
 + Level 6.2 Dodging
 - Level 4.0 Shields
 + Level 17.2 Invocations


You had 16 spell levels left.
You didn't know any spells.
Your spell library contained the following spells:

 Spells                   Type           Power      Damage    Failure   Level
 Animate Skeleton         Necr           0%         N/A       97%         1
 Apportation              Tloc           0%         N/A       97%         1
 Beastly Appendage        Tmut           0%         N/A       97%         1
 Freeze                   Ice            0%         1d3       97%         1
 Magic Dart               Conj           0%         1d3       97%         1
 Sting                    Tmut/Pois      0%         1d3       97%         1
 Summon Small Mammal      Summ           0%         N/A       97%         1
 Poisonous Vapours        Pois/Air       0%         N/A       99%         2
 Searing Ray              Conj           0%         2d4       99%         2
 Conjure Flame            Conj/Fire      0%         6-21      100%        3
 Dazzling Flash           Conj/Hex       0%         N/A       100%        3
 Frozen Ramparts          Ice            0%         1d2       100%        3
 Ignite Poison            Fire/Tmut/Pois 0%         N/A       100%        3
 Stone Arrow              Conj/Erth      0%         3d7       100%        3
 Animate Armour           Summ/Erth      0%         N/A       100%        4
 Fulminant Prism          Conj/Hex       0%         3d6       100%        4
 Hailstorm                Conj/Ice       0%         3d3       100%        4
 Iskenderun's Mystic Bla  Conj/Tloc      0%         2d3       100%        4
 Olgreb's Toxic Radiance  Pois           0%         N/A       100%        4
 Sticky Flame             Conj/Fire      0%         2d3       100%        4
 Summon Ice Beast         Ice/Summ       0%         N/A       100%        4
 Irradiate                Conj/Tmut      0%         3d13      100%        5
 Lee's Rapid Deconstruct  Erth           0%         3d5*      100%        5
 Summon Mana Viper        Hex/Summ       0%         N/A       100%        5
 Starburst                Conj/Fire      0%         6d3       100%        6
 Dragon Form              Tmut           0%         N/A       100%        7
 Haunt                    Necr/Summ      0%         N/A       100%        7
 Monstrous Menagerie      Summ           0%         N/A       100%        7
 Lehudib's Crystal Spear  Conj/Erth      0%         10d2      100%        8


Dungeon Overview and Level Annotations

Branches:
Dungeon (14/15)            Temple (1/1) D:6            Lair (6/6) D:9
 Shoals (0/4) Lair:2       Spider (2/4) Lair:2        Slime (0/5) Lair:5
    Orc (2/2) D:11            Elf (0/3) Orc:2        Vaults (0/5) D:14
  Sewer (visited)          Bailey (visited)         Volcano (visited)

Altars:
Ashenzari
Cheibriados
Dithmenos
Elyvilon
Fedhas
Gozag
Hepliaklqana
Kikubaaqudgha
Makhleb
Nemelex Xobeh
Okawaru
Qazlal
Ru
Sif Muna
Trog
Uskayaw
Vehumet
Wu Jian
Xom
Yredelemnul
Zin
The Shining One
Beogh

Shops:
D:7 *   Orc:1 ?   Orc:2 !:([

Annotations:
D:4 3 runed translucent doors, SteelSquire's ghost, weakling HODe
D:6 2 transporters, Vixxxy's ghost, novice MiFi
D:8 1 runed translucent door, cpf86's ghost, novice MiBe
D:9 3 runed translucent doors, cpf86's ghost, novice GrFi; cpf86's ghost, novice VSFi


Innate Abilities, Weirdness & Mutations

Your magical capacity is low. (-10% MP)


Message History

Aim: an emperor scorpion (lightly wounded, berserk, ally target)
The bolt of acid misses the emperor scorpion.
The bolt of acid hits the moth of wrath!!!
You kill the moth of wrath!
You deal a card...
You have dealt Vitriol.
Press: ? - help, Shift-Dir - straight line, f/p - emperor scorpion
Aim: an emperor scorpion (lightly wounded, berserk, ally target)
The bolt of acid hits the emperor scorpion!!
The acid corrodes the emperor scorpion!
The emperor scorpion is moderately wounded.
You deal a card...
You reveal a symbol of torment!
The radroach convulses!
The emperor scorpion convulses!
The tarantella convulses!
Your polar bear convulses!
Your wind drake convulses!
You have dealt Pain.
Press: ? - help, Shift-Dir - straight line, f/p - emperor scorpion
Aim: an emperor scorpion (severely wounded, berserk, covered in acid, ally target)
The bolt of negative energy hits the emperor scorpion!!
The emperor scorpion is drained!
The emperor scorpion is almost dead.
You deal a card...
You have dealt Wild Magic.
Flames sear the emperor scorpion.
The tarantella is jolted.
You feel a surge of magic.
You feel your power returning.
Your wind drake disappears in a puff of smoke!
Your polar bear disappears in a puff of smoke!
The emperor scorpion stings you!!
* * * LOW HITPOINT WARNING * * *
The emperor scorpion claws you but does no damage.
The emperor scorpion claws you.
* * * LOW HITPOINT WARNING * * *
The radroach is engulfed in freezing vapours.
The radroach bites you!
* * * LOW HITPOINT WARNING * * *
The radroach claws you!
* * * LOW HITPOINT WARNING * * *
The emperor scorpion stings you but does no damage.
The emperor scorpion claws you but does no damage.
The emperor scorpion claws you!
You die...
Your body disappears without a glow.

#. ...#.#.. ##.
#...#.....#....# #..
#...#..##.....#.
#..##.............#. #
#...#........##...#. .#.
#..>#.....###..#....
....#.§§#...###....##.^.
###...9§#...#.?.#.[.##))
.....†s@Bs†........!.)..
.##.#...##'''##...#.##..
#.†##..^..##..##'##.
#...#.......#...##.##
#....#.......#....##.#
#.....####'####.....##.
#...... #≈≈≈#.^.....##
........#####≈#........#
........#≈≈≈≈≈#...... #


You could see an emperor scorpion (berserk, corroded, drained, ally target), a
radroach, a tarantella and a friendly molten gargoyle (summoned).

Vanquished Creatures
  2 emperor scorpions (Spider:2)
  3 ghost moths
  3 broodmothers (Spider:2)
  A spark wasp (Spider:2)
  2 entropy weavers (Spider:2)
  Snorg (D:14)
  A fire dragon (Lair:6)
  Josephine (D:10)
  3 boulder beetles
  An ice dragon (D:14)
  A catoblepas (D:8)
  9 hydras
  A great orb of eyes (Spider:2)
  A vault guard (D:14)
  Harold (Lair:1)
  An alligator (Lair:6)
  A radroach (Lair:6)
  A jorogumo (D:14)
  A death knight (D:8)
  4 centaur warriors
  4 death yaks (Lair:4)
  3 two-headed ogres
  Nergalle (D:10)
  4 skeletal warriors
  A pharaoh ant (Spider:2)
  2 steelbarb worms (Spider:1)
  An orb spider (Spider:1)
  A lindwurm (Lair:6)
  A swamp dragon (Spider:2)
  An anaconda skeleton (Volcano)
  2 deep elf pyromancers (D:12)
  An obsidian statue (Spider:2)
  3 orc knights
  An ugly thing (D:14)
  3 orc sorcerers
  10 wolf spiders
  6 cyclopes
  2 manticores (D:14)
  2 moths of wrath (Spider:2)
  13 black mambas
  6 elephants (Lair:5)
  2 molten gargoyles (Lair:6)
  A water nymph (Spider:2)
  A guardian serpent (D:11)
  4 rime drakes
  11 cane toads
  Psyche (D:11)
  An unseen horror (D:8)
  7 torpor snails
  8 gargoyles
  A yaktaur (shapeshifter) (D:13)
  2 kobold demonologists
  4 demonic crawlers
  19 komodo dragons
  6 trolls
  A polar bear (shapeshifter) (D:14)
  10 tarantellas
  13 meliai
  4 polar bears
  Grinder (D:3)
  16 slime creatures
  2 harpy skeletons (Volcano)
  2 hornets
  21 blink frogs
  6 dream sheep (Lair:3)
  A snapping turtle (Lair:2)
  2 alligator skeletons (Volcano)
  3 flying skulls (Volcano)
  10 jumping spiders
  A shadow (D:10)
  3 vampires
  3 culicivoras
  Eustachio (D:5)
  9 wyverns
  6 basilisks
  7 wraiths
  59 yaks
  A yak (shapeshifter) (D:13)
  41 redbacks
  Grum (D:10)
  A vampire mosquito (D:14)
  4 steam dragons
  A warg (Orc:1)
  2 acid dragons
  12 water moccasins
  3 hell hounds (Lair:6)
  49 orc warriors
  Pargi (Sewer)
  2 necrophages
  3 ice beasts
  4 black bears
  22 wolves
  9 ogres
  17 centaurs
  Blork the orc (D:5)
  3 kobold brigands
  A wyvern zombie (D:8)
  A gnoll sergeant (D:8)
  19 bullfrogs
  A scorpion (D:2)
  A wyvern skeleton (D:6)
  A water moccasin zombie (D:5)
  5 killer bees (D:9)
  14 wights
  2 troll skeletons (Volcano)
  7 electric eels (Bailey)
  4 howler monkeys
  2 spriggan skeletons (Volcano)
  5 lava snakes (Lair:6)
  4 centaur zombies
  2 bullfrog zombies
  A jelly (D:5)
  2 hounds (D:4)
  4 gnoll shamans
  21 orc priests
  Jessica (D:3)
  6 bullfrog skeletons
  5 iguanas
  15 orc wizards
  4 yak simulacra (D:10)
  2 polar bear simulacra (D:10)
  3 wolf simulacra (D:10)
  A howler monkey zombie (D:5)
  28 gnolls
  7 adders
  A river rat (D:4)
  A shadow imp (D:7)
  A white imp (D:7)
  An adder skeleton (D:4)
  4 worms
  2 dart slugs
  85 orcs
  2 bats (D:1)
  8 endoplasms
  4 giant cockroaches
  17 goblins
  13 hobgoblins
  A jackal (D:1)
  6 quokkas
  9 ball pythons
  8 frilled lizards
  13 kobolds
  7 rats
  2 river rat simulacra (D:10)
  A plant (Lair:4)
888 creatures vanquished.

Vanquished Creatures (collateral kills)
  A skeletal warrior (Volcano)
  An orb spider (Spider:2)
  A steelbarb worm (Spider:2)
  2 anaconda skeletons (Volcano)
  A meliai (Spider:2)
  A culicivora (Spider:2)
  A redback (Spider:2)
  2 wolves (Lair:4)
10 creatures vanquished.

Vanquished Creatures (others)
  A necromancer (D:10)
  An orc warrior (Orc:2)
  A centaur (Orc:2)
  An orc wizard (D:7)
  A butterfly (D:14)
  47 fungi
  47 plants
  6 withered plants (D:9)
105 creatures vanquished.

Grand Total: 1003 creatures vanquished

Notes
Turn   | Place    | Note
-------+----------+-------------------------------------------
     0 | D:1      | skewfiend the Hill Orc Fighter began the quest for the Orb.
     0 | D:1      | Reached XP level 1. HP: 19/19 MP: 1/1
     1 | D:1      | Found a runed translucent door.
   104 | D:1      | Reached skill level 3 in Axes
   112 | D:1      | Reached XP level 2. HP: 23/27 MP: 2/2
   561 | D:1      | Reached XP level 3. HP: 33/33 MP: 3/3
  1094 | D:1      | Reached skill level 4 in Axes
  1444 | D:2      | Reached XP level 4. HP: 41/41 MP: 4/4
  1771 | D:2      | Reached skill level 5 in Axes
  2058 | D:2      | Reached XP level 5. HP: 22/47 MP: 5/5
  2062 | D:2      | Reached skill level 6 in Axes
  2895 | D:3      | Noticed Jessica
  2913 | D:3      | Killed Jessica
  2914 | D:3      | Reached skill level 7 in Axes
  2922 | D:3      | Reached XP level 6. HP: 24/55 MP: 6/6
  3081 | D:3      | Found a sparkling altar of Nemelex Xobeh.
  3088 | D:3      | Became a worshipper of Nemelex Xobeh the Trickster
  3193 | D:3      | Noticed Grinder
  3218 | D:3      | Gained mutation: Your magical capacity is low. (-10% MP)
                  | [potion of mutation]
  3234 | D:3      | Killed Grinder
  3235 | D:3      | Reached skill level 5 in Fighting
  3235 | D:3      | Reached skill level 8 in Axes
  3235 | D:3      | Reached skill level 1 in Invocations
  3235 | D:3      | Reached XP level 7. HP: 38/61 MP: 5/7
  3623 | D:3      | Reached skill level 9 in Axes
  3925 | D:4      | Found a runed translucent gate.
  3925 | D:4      | Found a runed translucent gate.
  3925 | D:4      | Found a runed translucent gate.
  3926 | D:4      | Noticed SteelSquire's ghost (weakling HODe)
  3939 | D:4      | Reached * piety under Nemelex Xobeh
  4002 | D:4      | Reached skill level 1 in Throwing
  4110 | D:4      | Found a glowing drain.
  4136 | Sewer    | Entered a sewer
  4240 | Sewer    | Received a gift from Nemelex Xobeh
  4269 | Sewer    | Noticed Pargi
  4282 | Sewer    | Killed Pargi
  4647 | D:4      | Reached skill level 10 in Axes
  4737 | D:4      | Reached XP level 8. HP: 65/69 MP: 8/8
  5245 | D:5      | Entered Level 5 of the Dungeon
  5245 | D:5      | Noticed Blork the orc
  5258 | D:5      | Killed Blork the orc
  5456 | D:5      | Reached ** piety under Nemelex Xobeh
  6081 | D:5      | Reached skill level 11 in Axes
  6188 | D:5      | Noticed Eustachio
  6216 | D:5      | Killed Eustachio
  6551 | D:6      | Found a transporter.
  6552 | D:6      | Noticed Vixxxy's ghost (novice MiFi)
  6587 | D:6      | Found a transporter.
  6593 | D:6      | Received a gift from Nemelex Xobeh
  6607 | D:6      | Reached skill level 12 in Axes
  6979 | D:6      | Reached XP level 9. HP: 62/75 MP: 11/11
  7386 | D:6      | Reached skill level 5 in Invocations
  7627 | D:6      | Reached skill level 13 in Axes
  8012 | D:6      | Found a burning altar of Makhleb.
  8121 | D:6      | Reached skill level 14 in Axes
  8446 | D:6      | Found a staircase to the Ecumenical Temple.
  8455 | Temple   | Entered the Ecumenical Temple
  8526 | D:6      | Reached *** piety under Nemelex Xobeh
  8590 | D:7      | Found a flagged portal.
  8624 | Bailey   | Entered a bailey
  9296 | Bailey   | Reached XP level 10. HP: 56/86 MP: 13/13
  9484 | Bailey   | Reached skill level 15 in Axes
  9755 | Bailey   | Reached XP level 11. HP: 92/92 MP: 14/14
 10339 | Bailey   | Acquired the +8 frozen axe "Frostbite" {freezing cloud,
                  | *Noise Fly rC+}
 10339 | Bailey   | Found the +8 frozen axe "Frostbite" {freezing cloud, *Noise
                  | Fly rC+}
 10360 | Bailey   | Found an iron altar of Okawaru.
 10729 | Bailey   | Noticed an orc knight
 10734 | Bailey   | Killed an orc knight
 11008 | D:7      | Found Pasupot's Assorted Antiques.
 11037 | D:7      | Bought a cabochon ring for 115 gold pieces
 11037 | D:7      | Bought a scroll labelled ZOSYTZ NOTZ for 23 gold pieces
 11037 | D:7      | Bought a scroll labelled EPNA VURIOKKU for 23 gold pieces
 11037 | D:7      | Bought a scroll of identify for 46 gold pieces
 11037 | D:7      | Bought a cyan potion for 20 gold pieces
 11910 | D:8      | Found a runed translucent door.
 12083 | D:8      | Reached **** piety under Nemelex Xobeh
 12083 | D:8      | Received a gift from Nemelex Xobeh
 12112 | D:8      | Reached skill level 16 in Axes
 12192 | D:8      | Noticed a cyclops
 12213 | D:8      | Killed a cyclops
 12266 | D:8      | Noticed a death knight
 12282 | D:8      | Killed a death knight
 12409 | D:8      | Noticed a catoblepas
 12421 | D:8      | Killed a catoblepas
 13142 | D:8      | Found a shimmering altar of Xom.
 13142 | D:8      | Noticed a +1 war axe of chaos
 13142 | D:8      | Noticed cpf86's ghost (novice MiBe)
 13401 | D:9      | Reached XP level 12. HP: 104/104 MP: 16/16
 13520 | D:9      | Reached skill level 17 in Axes
 13912 | D:9      | Received a gift from Nemelex Xobeh
 14033 | D:9      | Found a runed translucent gate.
 14036 | D:9      | Found a runed translucent gate.
 14036 | D:9      | Noticed cpf86's ghost (novice VSFi)
 14037 | D:9      | Found a runed translucent gate.
 14038 | D:9      | Noticed cpf86's ghost (novice GrFi)
 14679 | D:9      | Found a staircase to the Lair.
 14843 | Lair:1   | Entered Level 1 of the Lair of Beasts
 14889 | Lair:1   | Noticed Harold
 14900 | Lair:1   | Killed Harold
 15098 | Lair:1   | Reached skill level 10 in Invocations
 15104 | Lair:1   | Noticed a five-headed hydra
 15109 | Lair:1   | Killed an eight-headed hydra
 15110 | Lair:1   | Reached skill level 10 in Fighting
 15121 | Lair:1   | Noticed a seven-headed hydra
 15125 | Lair:1   | Killed an eight-headed hydra
 15126 | Lair:1   | Reached skill level 18 in Axes
 15142 | Lair:1   | Found a dark tunnel.
 15250 | Volcano  | Entered a volcano
 15711 | Volcano  | Received a gift from Nemelex Xobeh
 15774 | Volcano  | Reached skill level 19 in Axes
 15774 | Volcano  | Reached XP level 13. HP: 28/115 MP: 19/19
 16748 | Lair:1   | Reached ***** piety under Nemelex Xobeh
 17104 | Lair:2   | Received a gift from Nemelex Xobeh
 17324 | Lair:2   | Found a hole to the Spider Nest.
 17849 | Lair:2   | Found a staircase to the Shoals.
 18066 | Lair:3   | Received a gift from Nemelex Xobeh
 18454 | Lair:3   | Reached skill level 20 in Axes
 18475 | Lair:3   | Identified the +1 leather armour of the Turtledove {Drain
                  | Dex+7}
 18763 | Lair:3   | Received a gift from Nemelex Xobeh
 19291 | Lair:4   | Reached XP level 14. HP: 67/127 MP: 21/21
 19383 | Lair:4   | Reached skill level 21 in Axes
 20055 | Lair:4   | Received a gift from Nemelex Xobeh
 20361 | Lair:5   | Found a shimmering altar of Xom.
 21014 | Lair:5   | Received a gift from Nemelex Xobeh
 21076 | Lair:5   | Found a staircase to the Slime Pits.
 21451 | Lair:5   | Received a gift from Nemelex Xobeh
 21759 | Lair:6   | Entered Level 6 of the Lair of Beasts
 21759 | Lair:6   | Reached ****** piety under Nemelex Xobeh
 21856 | Lair:6   | Reached skill level 22 in Axes
 22638 | Lair:6   | Identified the -2 pair of gloves "Emuvityac" {Str+5}
 22734 | Lair:6   | Reached XP level 15. HP: 131/137 MP: 20/23
 22833 | Lair:6   | Reached skill level 1 in Dodging
 23101 | Lair:6   | Found a large runed translucent door.
 23101 | Lair:6   | Found a large runed translucent door.
 24170 | D:10     | Entered Level 10 of the Dungeon
 24221 | D:10     | Noticed Grum
 24222 | D:10     | Received a gift from Nemelex Xobeh
 24232 | D:10     | Killed Grum
 24435 | D:10     | Noticed Josephine
 24444 | D:10     | Killed Josephine
 24758 | D:10     | Noticed Nergalle
 24762 | D:10     | Killed Nergalle
 24763 | D:10     | Reached skill level 23 in Axes
 24923 | D:10     | Reached skill level 15 in Invocations
 24931 | D:10     | Received a gift from Nemelex Xobeh
 25141 | D:11     | Noticed Psyche
 25145 | D:11     | Killed Psyche
 25324 | D:11     | Received a gift from Nemelex Xobeh
 25398 | D:11     | Received a gift from Nemelex Xobeh
 25496 | D:11     | You are sucked into a shaft and drop 2 floors!
 26222 | D:11     | Found a roughly hewn altar of Beogh.
 26222 | D:11     | Found a staircase to the Orcish Mines.
 26327 | D:11     | Got the Guide on Supportive Transformation
 26335 | D:11     | Received a gift from Nemelex Xobeh
 26766 | Orc:1    | Entered Level 1 of the Orcish Mines
 26797 | Orc:1    | Found Byfu's Magic Scroll Shoppe.
 26995 | Orc:2    | Entered Level 2 of the Orcish Mines
 26995 | Orc:2    | Received a gift from Nemelex Xobeh
 28685 | Orc:2    | Found a staircase to the Elven Halls.
 28744 | Orc:2    | Found Guak's Book Boutique.
 28744 | Orc:2    | Found Wuwan's Weapon Emporium.
 28744 | Orc:2    | Found Ylokla's Armour Shoppe.
 28748 | Orc:2    | Found Tanimn's Distillery.
 28760 | Orc:2    | Bought a potion of heal wounds for 70 gold pieces
 28760 | Orc:2    | Bought a potion of heal wounds for 70 gold pieces
 29025 | Orc:1    | Received a gift from Nemelex Xobeh
 29331 | Orc:2    | Bought a +3 plate armour of poison resistance for 546 gold
                  | pieces
 29861 | D:12     | Received a gift from Nemelex Xobeh
 30477 | D:13     | Received a gift from Nemelex Xobeh
 30691 | D:14     | Noticed Snorg
 30704 | D:14     | Killed Snorg
 31116 | D:14     | Reached XP level 16. HP: 135/147 MP: 23/24
 31365 | D:14     | Received a gift from Nemelex Xobeh
 31414 | D:14     | Reached skill level 15 in Fighting
 31461 | D:14     | Found a gate to the Vaults.
 31464 | D:14     | Reached skill level 24 in Axes
 31486 | D:14     | HP: 7/149 [gargoyle (12)]
 31521 | D:14     | Paralysed by a jorogumo for 2 turns
 32019 | D:14     | Found a white marble altar of Elyvilon.
 32175 | D:14     | Received a gift from Nemelex Xobeh
 32510 | Spider:1 | Entered Level 1 of the Spider Nest
 33631 | Spider:2 | Reached skill level 5 in Dodging
 34088 | Spider:1 | HP: 7/150 [poisoned by a redback]
 34092 | Spider:1 | HP: 3/150 [poisoned by a redback]
 35069 | Spider:2 | Reached XP level 17. HP: 85/158 MP: 0/26
 35421 | Spider:2 | HP: 3/158 [radroach (8)]
 35421 | Spider:2 | Slain by an emperor scorpion

Illustrated notes

Levels and vault maps discovered:
D:1:      dpeg_arrival_caged_fury, layout_basic, kennysheep_decorative_pillar
D:2:      layout_loops_ring, nicolae_elevator_lobby_plus
D:3:      layout_loops_ring, nemelex_diamond_rough_becter, uniq_jessica,
          uniq_grinder
D:4:      layout_basic, cheibrodos_sewer_entry_sluice,
          gammafunk_ghost_necromancy
D:5:      layout_basic, uniq_eustachio, uniq_blork_the_orc
D:6:      layout_rooms, minmay_temple_entry_mist, gammafunk_ghost_smash,
          corner_web_ring, minmay_ruined_shrine
D:7:      layout_basic, enter_bailey_5, serial_shops, nicolae_shop_trees
D:8:      layout_rooms, ebering_ghost_xom, minmay_the_grid_2x2
          [minmay_the_grid_empty, minmay_the_grid_broken_lines,
          minmay_the_grid_doors, minmay_the_grid_prize_inner_circle]
D:9:      layout_small_grid, erik_lair_dragon, gammafunk_ghost_cemetery
D:10:     layout_loops_ring, eino_house_with_fridge, uniq_josephine,
          uniq_nergalle, uniq_grum
D:11:     layout_stronghold, david_orc_5, nrook_guardian_serpent_ordinary,
          uniq_psyche
D:12:     layout_long_grid, nicolae_lava_and_water, grunt_decor_mini_mirrors
D:13:     layout_gridville
D:14:     layout_irregular_city, lightli_vaults_fourway_checkpoint,
          nicolae_elyvilon_peaceful_grove, uniq_snorg
Temple:   grunt_wide_crystal_templ
Lair:1:   layout_roguey, nicolae_volcano_entry_lava_flow, uniq_harold
Lair:2:   layout_long_grid, minmay_shoals_entry_hut,
          spider_nest_entry_web_field, small_statue_intersection,
          infiniplex_staircase_pool_2
Lair:3:   layout_regular_city, grunt_megastairs_3
Lair:4:   layout_concentric_octagons, beast_lair_carwin_5, grunt_megastairs_1
Lair:5:   layout_regular_city, minmay_slime_entry_oklob_open, basic_altar
Lair:6:   cheibrodos_lair_end_hotspot, layout_concentric_octagons
Spider:1: layout_spider_delve
Spider:2: spider_temple_joshua, gammafunk_ghost_berserking_beasts
Orc:1:    layout_diamond_mine, serial_shops, shop
Orc:2:    st_orc_rangers, layout_caves

Skill      XL: |  1  2  3  4  5  6  7  8  9 10 11 12 13 14 15 16 17 |
---------------+----------------------------------------------------+-----
Axes           | 3 4 5 7 8 10 12 14 15 16 19 20 22 23 24 | 24.0
Fighting       | 4 5 6 7 9 10 12 13 14 16 | 16.3
Invocations    | 1 2 4 6 9 11 12 14 15 17 | 17.2
Throwing       | 1 2 |  2.0
Armour         | 11 12 13 14 | 14.1
Dodging        | 3 5 6 |  6.2
Shields        | 4 |  4.0

Action                   |  1- 3 |  4- 6 |  7- 9 | 10-12 | 13-15 | 16-18 || total
-------------------------+-------+-------+-------+-------+-------+-------++-------
Melee: War axe           |    93 |   111 |   232 |       |       |       ||   436
       Spear             |       |       |   185 |    89 |       |       ||   274
       Executioner's axe |       |       |       |   271 |   805 |   321 ||  1397
       Halberd           |       |       |       |       |    22 |       ||    22
Throw: Stone             |     9 |    24 |    15 |    23 |    27 |    14 ||   112
       Dart              |       |       |     1 |     7 |       |       ||     8
Invok: Draw Destruction  |       |       |     2 |     6 |    24 |    13 ||    45
       Draw Summoning    |       |       |       |     2 |     1 |     5 ||     8
       Draw Stack        |       |       |       |       |     5 |     1 ||     6
       Stack Five        |       |       |       |       |     2 |       ||     2
       Draw Escape       |       |       |       |       |     4 |     5 ||     9
       Triple Draw       |       |       |       |       |       |     3 ||     3
       Deal Four         |       |       |       |       |       |     1 ||     1
Evoke: Wand              |       |       |     1 |     2 |     3 |       ||     6
  Use: Potion            |     1 |     2 |     2 |     3 |       |     5 ||    13
       Scroll            |       |     5 |     3 |     9 |     8 |     1 ||    26
 Stab: Petrified         |       |       |       |     3 |       |       ||     3
       Distracted        |       |       |       |       |     1 |       ||     1
Armor: Scale mail        |    54 |    23 |       |       |       |       ||    77
       Chain mail        |       |    18 |   155 |   163 |     5 |       ||   341
       Plate armour      |       |       |       |    17 |   562 |   274 ||   853
Dodge: Dodged            |    44 |    48 |   117 |   116 |   331 |   159 ||   815
Block: Buckler           |    16 |    24 |    80 |     6 |       |       ||   126
